 Dungeon Crawl Stone Soup version 0.30.1-11-g7821555f0a (webtiles) character file.

Game seed: 5981631366813195917

99050 jfcaron the Thaumaturge (level 16, -4/125 HPs)
             Began as a Gnoll Earth Elementalist on Nov 10, 2023.
             Was a High Priest of Sif Muna.
             Slain by a demonic crawler (7 damage)
             ... on level 2 of the Lair of Beasts.
             The game lasted 01:52:18 (31049 turns).

jfcaron the Thaumaturge (Gnoll Earth Elementalist) Turns: 31049, Time: 01:52:19

Health: -4/125     AC: 21    Str:  9    XL:     16   Next: 24%
Magic:  2/47       EV: 16    Int: 28    God:    Sif Muna [*****.]
Gold:   636        SH:  7    Dex: 18    Spells: 5/39 levels left

rFire   + . .        a - +6 Majin-Bo {spellvamp, MP+6 Int+6}
rCold   . . .        g - +0 buckler
rNeg    . . .        s - +5 ring mail of the Red Skies {+Inv Dex+2 Slay+3}
rPois   +            V - +2 hat
rElec   .            H - +2 cloak {Stlth+}
rCorr   +            Y - +0 pair of gloves
SInv    .            n - +0 pair of boots
Will    ++...        d - amulet of Divine Compulsion {Regen+ rCorr Str+2 Dex+2}
Stlth   +++++        F - ring of Weuqyoti {Fly rPois rF+ rCorr Slay-2}
HPRegen 1.20/turn    M - ring "Durijos" {Will+ MP+9}
MPRegen 0.30/turn

%: no passive effects
@: about to teleport, flying, very slightly contaminated
A: fangs 1, strong nose, distributed training
a: Renounce Religion, Evoke Invisibility, Channel Magic, Forget Spell, Divine
Exegesis


You were on level 2 of the Lair of Beasts.
You worshipped Sif Muna.
Sif Muna was extremely pleased with you.
You visited 5 branches of the dungeon, and saw 24 of its levels.
You also visited: Sewer and Volcano.

You collected 2861 gold pieces.
You spent 2225 gold pieces at shops.

Inventory:

Hand Weapons
 a - the +6 Majin-Bo (weapon) {spellvamp, MP+6 Int+6}
   (You acquired it on level 3 of the Dungeon)

   Int:       It affects your intelligence (+6).
   MP:        It affects your magic capacity (+6).
 b - a +5 dagger
Missiles
 c - a curare-tipped dart {!f}
 e - 4 atropa-tipped darts {!f}
 f - 6 throwing nets {!f}
 O - a boomerang of dispersal {!f}
 Q - 7 javelins
Armour
 g - a +0 buckler (worn)
 n - a +0 pair of boots (worn)
 s - the +5 ring mail of the Red Skies (worn) {+Inv Dex+2 Slay+3}
   (You found it on level 2 of the Lair of Beasts)

   Dex:       It affects your dexterity (+2).
   Slay:      It affects your accuracy & damage with ranged weapons and melee
   (+3).
   +Inv:      It lets you turn invisible.
 H - a +2 cloak of stealth (worn)
   (You took it off Crazy Yiuf on level 5 of the Dungeon)
 V - a +2 hat (worn)
 Y - a +0 pair of gloves (worn)
Magical Staves
 T - a staff of cold
   (You found it on level 2 of the Dungeon)
Jewellery
 d - the amulet of Divine Compulsion (around neck) {Regen+ rCorr Str+2 Dex+2}
   (You acquired it on level 1 of the Lair of Beasts)

   [amulet of regeneration]

   Str:       It affects your strength (+2).
   Dex:       It affects your dexterity (+2).
   Regen:     It increases your rate of health regeneration.
   rCorr:     It protects you from acid and corrosion.
 F - the ring of Weuqyoti (left hand) {Fly rPois rF+ rCorr Slay-2}
   (You bought it in a shop on level 2 of the Orcish Mines)

   [ring of resist corrosion]

   Slay:      It affects your accuracy & damage with ranged weapons and melee
   (-2).
   rF:        It protects you from fire.
   rPois:     It protects you from poison.
   Fly:       It grants you flight.
   rCorr:     It protects you from acid and corrosion.
 M - the ring "Durijos" (right hand) {Will+ MP+9}
   (You bought it in a shop on level 2 of the Orcish Mines)

   [ring of willpower]

   MP:        It affects your magic capacity (+9).
   Will:      It increases your willpower.
Wands
 m - a wand of iceblast (5)
 r - a wand of flame (25)
 u - a wand of light (9)
   (You found it on level 3 of the Lair of Beasts)
 W - a wand of mindburst (10)
 X - a wand of charming (8)
Scrolls
 i - 13 scrolls of teleportation
 p - a scroll of butterflies
 v - 2 scrolls of blinking
 x - 3 scrolls of immolation
 y - 7 scrolls of poison
 E - 3 scrolls of vulnerability
 J - 2 scrolls of fear
 R - a scroll of magic mapping
 S - a scroll of amnesia
Potions
 h - a potion of invisibility
 j - 7 potions of brilliance
 k - 5 potions of haste
 l - 6 potions of might
 q - a potion of berserk rage
 z - 5 potions of heal wounds
 A - 3 potions of resistance
 B - 6 potions of lignification
 C - 2 potions of flight
 G - 5 potions of magic
 I - 5 potions of ambrosia
 K - 14 potions of curing
 U - a potion of cancellation
Miscellaneous
 o - a phantom mirror
   (You found it on level 5 of the Lair of Beasts)
 t - a phial of floods
   (You found it on level 4 of the Lair of Beasts)
 D - a condenser vane
   (You found it on level 11 of the Dungeon)
 P - a lightning rod (4/4)
   (You found it on level 14 of the Dungeon)


   Skills:
 + Level 11.1 Fighting
 + Level 11.1 Short Blades
 + Level 11.1 Long Blades
 + Level 11.1 Axes
 + Level 11.1 Maces & Flails
 + Level 11.1 Polearms
 + Level 11.1 Staves
 + Level 11.1 Ranged Weapons
 + Level 11.1 Throwing
 + Level 11.1 Armour
 + Level 12.0 Dodging
 + Level 11.9 Stealth
 + Level 11.1 Shields
 + Level 11.1 Unarmed Combat
 + Level 12.1 Spellcasting
 + Level 9.3 Conjurations
 + Level 9.3 Hexes
 + Level 9.3 Summonings
 + Level 9.3 Necromancy
 + Level 9.3 Translocations
 + Level 9.6 Transmutations
 + Level 9.3 Fire Magic
 + Level 9.3 Ice Magic
 + Level 9.3 Air Magic
 + Level 10.8 Earth Magic
 + Level 9.3 Poison Magic
 + Level 12.1 Invocations
 + Level 11.1 Evocations


You had 5 spell levels left.
You knew the following spells:

 Your Spells              Type           Power      Damage    Failure   Level
a - Summon Lightning Spi  Summ/Air       62%        N/A       1%          4
b - Passwall              Tmut/Erth      54%        N/A       1%          2
c - Stone Arrow           Conj/Erth      100%       3d13      1%          3
d - Petrify               Tmut/Erth      65%        N/A       1%          4
e - Blink                 Tloc           100%       N/A       1%          2
f - Apportation           Tloc           100%       N/A       1%          1
h - Tukima's Dance        Hex            62%        N/A       1%          3
i - Arcjolt               Conj/Air       31%        1d41      5%          5
j - Borgnjor's Vile Clut  Necr/Erth      32%        N/A       4%          5
k - Freezing Cloud        Conj/Ice/Air   31%        6-21      5%          5

Your spell library contained the following spells:

 Spells                   Type           Power      Damage    Failure   Level
 Foxfire                  Conj/Fire      100%       2x1d9     1%          1
 Kiss of Death            Conj/Necr      100%       2d13      1%          1
 Necrotise                Necr           100%       1d9       1%          1
 Sandblast                Erth           100%       2d20      1%          1
 Shock                    Conj/Air       100%       1d9       1%          1
 Cigotuvi's Dreadful Rot  Necr/Pois/Air  100%       N/A       1%          2
 Ensorcelled Hibernation  Hex/Ice        100%       N/A       1%          2
 Lesser Beckoning         Tloc           100%       N/A       1%          2
 Momentum Strike          Conj/Tloc      100%       3d10      1%          2
 Scorch                   Fire           100%       2d9       1%          2
 Call Canine Familiar     Summ           62%        N/A       1%          3
 Gell's Gravitas          Tloc           62%        N/A       1%          3
 Hailstorm                Conj/Ice       62%        3d13      1%          3
 Ignite Poison            Fire/Tmut/Pois 63%        N/A       1%          3
 Inner Flame              Hex/Fire       62%        N/A       1%          3
 Portal Projectile        Hex/Tloc       100%       N/A       1%          3
 Spider Form              Tmut/Pois      63%        N/A       1%          3
 Swiftness                Air            62%        N/A       1%          3
 Teleport Other           Tloc           62%        N/A       1%          3
 Vhi's Electric Charge    Tloc/Air       100%       N/A       1%          3
 Volatile Blastmotes      Fire/Tloc      100%       2d18      1%          3
 Airstrike                Air            31%        2d(5-21)  1%          4
 Anguish                  Hex/Necr       31%        N/A       1%          4
 Animate Armour           Summ/Erth      100%       N/A       1%          4
 Animate Dead             Necr           62%        N/A       1%          4
 Flame Wave               Conj/Fire      62%        2d14      1%          4
 Fulminant Prism          Conj/Hex       31%        3d16      1%          4
 Ice Form                 Ice/Tmut       63%        N/A       1%          4
 Leda's Liquefaction      Hex/Erth       32%        N/A       1%          4
 Manifold Assault         Tloc           62%        N/A       1%          4
 Passage of Golubria      Tloc           62%        N/A       1%          4
 Sticky Flame             Conj/Fire      62%        2d8       1%          4
 Summon Ice Beast         Ice/Summ       62%        N/A       1%          4
 Blade Hands              Tmut           31%        N/A       4%          5
 Agony                    Necr           62%        N/A       5%          5
 Alistair's Intoxication  Tmut/Pois      42%        N/A       5%          5
 Fireball                 Conj/Fire      31%        3d13      5%          5
 Silence                  Hex/Air        31%        N/A       5%          5
 Iron Shot                Conj/Erth      32%        9d7       22%         6
 Eringya's Noxious Bog    Tmut/Pois      31%        N/A       28%         6
 Death Channel            Necr           31%        N/A       30%         6
 Plasma Beam              Fire/Air       31%        2x1d48    30%         6
 Simulacrum               Ice/Necr       31%        N/A       30%         6
 Starburst                Conj/Fire      31%        6d9       30%         6
 Summon Cactus Giant      Summ           31%        N/A       30%         6
 Storm Form               Tmut/Air       31%        N/A       85%         7
 Haunt                    Necr/Summ      31%        N/A       86%         7
 Infestation              Necr           31%        N/A       100%        8
 Lehudib's Crystal Spear  Conj/Erth      32%        10d8      100%        8


Dungeon Overview and Level Annotations

Branches:
Dungeon (15/15)            Temple (1/1) D:6            Lair (5/5) D:9
  Swamp (0/4) Lair:2       Spider (1/4) Lair:2        Slime (0/5) Lair:4
    Orc (2/2) D:12            Elf (0/3) Orc:2        Vaults (0/5) D:13
 Depths (0/4) D:15          Sewer (visited)         Volcano (visited)

Altars:
Ashenzari
Cheibriados
Dithmenos
Elyvilon
Fedhas
Gozag
Hepliaklqana
Kikubaaqudgha
Makhleb
Nemelex Xobeh
Okawaru
Qazlal
Ru
Sif Muna
Trog
Uskayaw
Vehumet
Wu Jian
Xom
Yredelemnul
Zin
The Shining One
Jiyva

Shops:
D:2 (   D:3 :**   D:4 (   D:8 !   D:12 (   Orc:2 =([*:

Portals:
Trove: D:11 (give +3 storm dragon scales)

Annotations:
D:13 3 runed translucent doors, lonewolfV2's ghost, journeyman MiFi
D:14 come back with digging


Innate Abilities, Weirdness & Mutations

You have very sharp teeth.
Your uncanny sense of smell can sniff out nearby items.
Your experience applies equally to all skills.


Message History

Casting: Borgnjor's Vile Clutch (dangerous; 4% risk of failure)
Confirm with . or Enter, or press ? or * to list all spells.
You blink.
* * * LOW HITPOINT WARNING * * *
The demonic crawler rages.
Casting: Blink (safe; 1% risk of failure)
Confirm with . or Enter, or press ? or * to list all spells.
Okay, then.
Unknown command.
Okay, then.
Unknown command.
As you read the scroll of teleportation, it crumbles to dust.
You feel strangely unstable.
The demonic crawler is engulfed in freezing vapours.
The demonic crawler rages.
The demonic crawler is engulfed in freezing vapours.
The demonic crawler hits you!
* * * LOW HITPOINT WARNING * * *
The demonic crawler closely misses you.
The demonic crawler completely misses you.
Casting: Blink (safe; 1% risk of failure)
Confirm with . or Enter, or press ? or * to list all spells.
You blink.
* * * LOW HITPOINT WARNING * * *
You are engulfed in freezing vapours.
* * * LOW HITPOINT WARNING * * *
The demonic crawler is engulfed in freezing vapours. x2
The demonic crawler barely misses you. The demonic crawler closely misses you.
The demonic crawler hits you.
* * * LOW HITPOINT WARNING * * *
You feel much better.
You are engulfed in freezing vapours.
* * * LOW HITPOINT WARNING * * *
The demonic crawler is engulfed in freezing vapours.
You block the demonic crawler's attack. The demonic crawler hits you!
* * * LOW HITPOINT WARNING * * *
The demonic crawler hits you!!
* * * LOW HITPOINT WARNING * * *
The demonic crawler is engulfed in freezing vapours.
You block the demonic crawler's attack. x2; The demonic crawler hits you!
You die...

..###...# ###^....#....###.##...
..##...#####P.....#.....# #####..
.......#.#........#.....### ##.
........................#P## #P
..>.................>......#####.
................§...........#.#.#
........#......§§§§..............
...............§s§....#.#.#......
...............§@§...########....
...............s.....### ####...
.................#.....####P.....
................##...#.#.#.......
.................................
..P..............................
...P...................###.#.....
..................#.#.###.#......
....................#...####.....


You could see a demonic crawler (berserk) and a culicivora.

Vanquished Creatures
  Rupert (Lair:4)
  Gastronok (Lair:3)
  A fire giant (D:15)
  An orc warlord (Orc:2)
  Nessos (Lair:4)
  The ghost of Laveh the Severer, a journeyman MiFi of Trog (Orc:2)
  4 dire elephants
  Josephine (Orc:1)
  9 vault guards
  7 hydras
  Harold (Lair:1)
  A centaur warrior (D:13)
  A catoblepas (Lair:5)
  2 tengu warriors
  8 two-headed ogres
  3 boulder beetles (D:15)
  A spectral dire elephant (Lair:5)
  4 orc high priests (Orc:2)
  9 death yaks
  A hell knight (Volcano)
  Nergalle (Lair:1)
  A spectral anaconda (Lair:5)
  A fire crab (Lair:5)
  4 orc knights
  3 deep elf pyromancers
  An obsidian statue (Lair:5)
  4 necromancers (Lair:5)
  A deep elf zephyrmancer (D:15)
  5 orc sorcerers
  2 wolf spiders
  18 elephants
  6 ugly things (D:15)
  3 manticores
  5 cyclopes
  Joseph (D:7)
  4 black mambas
  A moth of wrath (Lair:2)
  A demonic crawler (Spider:1)
  A smoke demon (Volcano)
  3 rime drakes
  3 gargoyles
  11 komodo dragons
  19 cane toads
  4 yaktaurs (D:15)
  2 tengu conjurers
  2 efreet (D:14)
  3 kobold demonologists
  2 red devils (Volcano)
  A polar bear (Lair:3)
  4 trolls
  2 hornets
  3 meliai (D:14)
  Prince Ribbit (D:5)
  13 blink frogs
  Grinder (Sewer)
  2 slime creatures (D:15)
  7 dream sheep (Lair:3)
  A centaur simulacrum (D:15)
  Sigmund (D:5)
  7 wyverns
  A culicivora (Lair:2)
  7 wraiths
  A yak (shapeshifter) (D:13)
  A spriggan (shapeshifter) (D:13)
  3 steam dragons
  26 yaks
  A death yak simulacrum (Lair:5)
  3 basilisks
  A redback (Spider:1)
  Edmund (D:5)
  Menkaure (D:6)
  5 vampire mosquitoes
  A warg (Orc:1)
  An acid dragon (D:10)
  10 water moccasins
  A hell hound (Volcano)
  38 orc warriors
  An ice beast (D:6)
  3 sky beasts
  An elephant zombie (Lair:5)
  19 wolves
  5 ogres
  3 boggarts (D:15)
  11 centaurs
  An elephant skeleton (Lair:5)
  A phantom (Sewer)
  6 kobold brigands
  Blork the orc (D:4)
  9 bullfrogs
  A gnoll sergeant (D:10)
  A cane toad simulacrum (Lair:5)
  6 scorpions
  15 wights
  13 killer bees
  An electric eel (Lair:2)
  4 howler monkeys (D:9)
  Crazy Yiuf (D:5)
  38 orc priests
  6 jellies
  6 hounds
  2 gnoll boudas
  Jessica (D:2)
  10 hell rats
  35 orc wizards
  Ijyb (D:4)
  An iguana (D:5)
  Natasha (thrice) (D:2)
  A mummy (D:9)
  Robin (D:2)
  14 gnolls
  5 adders
  7 river rats
  3 shadow imps
  4 white imps
  4 ufetubi
  2 dart slugs
  124 orcs
  7 bats
  A bat zombie (Sewer)
  5 endoplasms
  8 giant cockroaches
  20 goblins
  10 hobgoblins
  3 quokkas
  8 ball pythons
  2 frilled lizards
  2 giant cockroach zombies (Sewer)
  38 kobolds
  A kobold zombie (Sewer)
  14 rats
805 creatures vanquished.

Notes
Turn   | Place    | Note
-------+----------+-------------------------------------------
     0 | D:1      | jfcaron the Gnoll Earth Elementalist began the quest for
                  | the Orb.
     0 | D:1      | Reached XP level 1. HP: 13/13 MP: 6/6
   277 | D:1      | Reached XP level 2. HP: 19/19 MP: 5/7
   284 | D:1      | Learned a level 2 spell: Passwall
  1136 | D:2      | Noticed Natasha
  1140 | D:2      | Killed Natasha
  1141 | D:2      | Reached skill level 1 in Fighting
  1141 | D:2      | Reached skill level 1 in Short Blades
  1141 | D:2      | Reached skill level 1 in Long Blades
  1141 | D:2      | Reached skill level 1 in Axes
  1141 | D:2      | Reached skill level 1 in Maces & Flails
  1141 | D:2      | Reached skill level 1 in Polearms
  1141 | D:2      | Reached skill level 1 in Staves
  1141 | D:2      | Reached skill level 1 in Ranged Weapons
  1141 | D:2      | Reached skill level 1 in Throwing
  1141 | D:2      | Reached skill level 1 in Armour
  1141 | D:2      | Reached skill level 1 in Shields
  1141 | D:2      | Reached skill level 1 in Unarmed Combat
  1141 | D:2      | Reached skill level 5 in Spellcasting
  1141 | D:2      | Reached skill level 1 in Invocations
  1141 | D:2      | Reached skill level 1 in Evocations
  1141 | D:2      | Reached XP level 3. HP: 26/26 MP: 3/9
  1280 | D:2      | Noticed Natasha
  1283 | D:2      | Killed Natasha
  1284 | D:2      | Reached XP level 4. HP: 32/32 MP: 6/11
  1345 | D:2      | Learned a level 3 spell: Stone Arrow
  1350 | D:2      | Learned a level 4 spell: Petrify
  1397 | D:2      | Reached skill level 1 in Conjurations
  1397 | D:2      | Reached skill level 1 in Hexes
  1397 | D:2      | Reached skill level 1 in Summonings
  1397 | D:2      | Reached skill level 1 in Necromancy
  1397 | D:2      | Reached skill level 1 in Translocations
  1397 | D:2      | Reached skill level 1 in Fire Magic
  1397 | D:2      | Reached skill level 1 in Ice Magic
  1397 | D:2      | Reached skill level 1 in Air Magic
  1397 | D:2      | Reached skill level 1 in Poison Magic
  1461 | D:2      | Found Ammil's Weapon Boutique.
  1503 | D:2      | Noticed Natasha
  1505 | D:2      | Noticed Jessica
  1518 | D:2      | Killed Natasha
  1519 | D:2      | Reached XP level 5. HP: 20/37 MP: 6/12
  1553 | D:2      | Killed Jessica
  1649 | D:2      | Noticed Robin
  1654 | D:2      | Killed Robin
  1844 | D:3      | Identified a scroll of acquirement
  1844 | D:3      | Acquired the +6 Majin-Bo {spellvamp, MP+6 Int+6}
  1844 | D:3      | Found the +6 Majin-Bo {spellvamp, MP+6 Int+6}
  1924 | D:3      | Found Ynekatem's General Store.
  1932 | D:3      | Bought a potion of curing for 42 gold pieces
  1932 | D:3      | Bought a scroll of noise for 14 gold pieces
  1932 | D:3      | Bought a scroll of blinking for 105 gold pieces
  1968 | D:3      | Found a glowing drain.
  1985 | Sewer    | Entered a sewer
  2102 | Sewer    | Reached XP level 6. HP: 42/44 MP: 13/13
  2291 | Sewer    | Found an ancient bone altar of Kikubaaqudgha.
  2314 | Sewer    | Reached skill level 5 in Dodging
  2362 | Sewer    | HP: 8/44 [asphyx]
  2434 | Sewer    | Reached XP level 7. HP: 35/51 MP: 11/15
  2511 | Sewer    | Noticed Grinder
  2516 | Sewer    | Killed Grinder
  2517 | Sewer    | Reached skill level 5 in Stealth
  2767 | D:3      | Found an ornate altar of the Wu Jian Council.
  2835 | D:3      | Found Pyss's Book Emporium.
  3230 | D:3      | Found Wocwamyap's General Store.
  3442 | D:4      | Noticed Blork the orc
  3448 | D:4      | Killed Blork the orc
  3449 | D:4      | Reached XP level 8. HP: 51/58 MP: 10/16
  3612 | D:4      | Noticed Ijyb
  3620 | D:4      | Killed Ijyb
  3712 | D:4      | Found Gifebiwk's Weapon Emporium.
  4112 | D:5      | Entered Level 5 of the Dungeon
  4191 | D:5      | Found an ornate altar of the Wu Jian Council.
  4205 | D:5      | Noticed Sigmund
  4449 | D:5      | Killed Sigmund
  4500 | D:5      | Noticed Edmund
  4505 | D:5      | Killed Edmund
  5007 | D:5      | Noticed Prince Ribbit
  5011 | D:5      | Killed Prince Ribbit
  5012 | D:5      | Reached XP level 9. HP: 65/65 MP: 18/18
  5136 | D:5      | Found a runed translucent door.
  5137 | D:5      | Noticed Crazy Yiuf
  5310 | D:5      | Killed Crazy Yiuf
  5550 | D:6      | Learned a level 2 spell: Blink
  5550 | D:6      | Noticed Menkaure
  5558 | D:6      | Killed Menkaure
  5582 | D:6      | Reached skill level 5 in Invocations
  5746 | D:6      | Found a staircase to the Ecumenical Temple.
  5763 | Temple   | Entered the Ecumenical Temple
  5763 | Temple   | Found a transporter.
  5763 | Temple   | Found a transporter.
  5773 | Temple   | Found a transporter.
  5773 | Temple   | Found a transporter.
  5793 | Temple   | jfcaron: !whichgod GnEE
  5793 | Temple   | beem: 35 recent wins for GnEE: 13x Ashenzari, 6x
                  | Cheibriados, 3x Vehumet, 3x Gozag, 3x Nemelex Xobeh, 3x Sif
                  | Muna, 2x Kikubaaqudgha, 2x Hepliaklqana
  5793 | Temple   | jfcaron: ??Sif Muna
  5793 | Temple   | beem: sif muna[1/4]: God of magic and knowledge: 1*:
                  | {channel magic}, 3*: {amnesia}, 4*: {divine exegesis}, 5*:
                  | book gifts (see {book acquirement}). Piety is gained from
                  | kills.
  5793 | Temple   | jfcaron: ??Sif Muna[2
  5793 | Temple   | beem: sif muna[2/4]: From 0.19 to 0.24, {divine energy} was
                  | given at 1* instead of channel magic, which was given at
                  | 3*. Divine exegesis didn't exist and {miscast protection}
                  | was given at 2* instead. Piety was given 2/3 from training
                  | magic skills (including spellcasting} and 1/3 from kills.
                  | Neither aptitudes nor the level of skill influenced piety
                  | rewarded.
  5793 | Temple   | jfcaron: ??channel magic
  5793 | Temple   | beem: channel magic[1/1]: A 1* Sif Muna invocation which
                  | gives a big boost to MP regeneration (3-5/turn) for a
                  | duration of 4+random2avg(2*invo/3, 2).
  5804 | Temple   | Became a worshipper of Sif Muna the Loreminder
  5909 | D:3      | Bought a ring of magical power for 260 gold pieces
  6339 | D:6      | Identified the +1 leather armour of Restlessness {rPois}
  6776 | D:7      | Identified the +2 cloak "Xaulob" {-Tele Int+5 Slay+5}
  6818 | D:7      | Reached skill level 5 in Fighting
  6818 | D:7      | Reached skill level 5 in Short Blades
  6818 | D:7      | Reached skill level 5 in Long Blades
  6818 | D:7      | Reached skill level 5 in Axes
  6818 | D:7      | Reached skill level 5 in Maces & Flails
  6818 | D:7      | Reached skill level 5 in Polearms
  6818 | D:7      | Reached skill level 5 in Staves
  6818 | D:7      | Reached skill level 5 in Ranged Weapons
  6818 | D:7      | Reached skill level 5 in Throwing
  6818 | D:7      | Reached skill level 5 in Armour
  6818 | D:7      | Reached skill level 5 in Shields
  6818 | D:7      | Reached skill level 5 in Unarmed Combat
  6818 | D:7      | Reached skill level 5 in Evocations
  6818 | D:7      | Reached XP level 10. HP: 56/74 MP: 20/20
  6931 | D:7      | Reached * piety under Sif Muna
  7508 | D:7      | Noticed Joseph
  7518 | D:7      | Killed Joseph
  7519 | D:7      | Reached skill level 5 in Transmutations
  8164 | D:8      | Found a sacrificial altar of Ru.
  8421 | D:8      | Found Likun's Distillery.
  8458 | D:8      | Found a white marble altar of Elyvilon.
  8793 | D:9      | Reached ** piety under Sif Muna
  9007 | D:9      | Noticed a two-headed ogre
  9028 | D:9      | Reached skill level 5 in Conjurations
  9028 | D:9      | Reached skill level 5 in Hexes
  9028 | D:9      | Reached skill level 5 in Summonings
  9028 | D:9      | Reached skill level 5 in Necromancy
  9028 | D:9      | Reached skill level 5 in Translocations
  9028 | D:9      | Reached skill level 5 in Fire Magic
  9028 | D:9      | Reached skill level 5 in Ice Magic
  9028 | D:9      | Reached skill level 5 in Air Magic
  9028 | D:9      | Reached skill level 5 in Poison Magic
  9029 | D:9      | Reached XP level 11. HP: 81/81 MP: 9/22
  9032 | D:9      | Killed a two-headed ogre
  9356 | D:9      | Found a broken altar of Ashenzari.
  9606 | D:9      | Found a staircase to the Lair.
  9722 | D:9      | Found a snail-covered altar of Cheibriados.
  9789 | D:8      | Bought a potion of heal wounds for 75 gold pieces
  9789 | D:8      | Bought a potion of heal wounds for 75 gold pieces
  9789 | D:8      | Bought a potion of degeneration for 15 gold pieces
  9792 | D:8      | Bought a potion of curing for 45 gold pieces
 10120 | D:10     | Entered Level 10 of the Dungeon
 10321 | D:10     | Learned a level 1 spell: Apportation
 10543 | D:10     | Noticed a two-headed ogre
 10555 | D:10     | Noticed a two-headed ogre
 10558 | D:10     | Killed a two-headed ogre
 10564 | D:10     | Killed a two-headed ogre
 10803 | D:10     | Noticed a two-headed ogre
 10810 | D:10     | Reached *** piety under Sif Muna
 10862 | D:10     | Found an opulent altar of Gozag.
 10868 | D:10     | Found a blossoming altar of Fedhas.
 10884 | D:10     | Found a snail-covered altar of Cheibriados.
 10884 | D:10     | Found a snail-covered altar of Cheibriados.
 11070 | D:10     | Noticed a two-headed ogre
 11158 | D:10     | You fall into a shaft and drop 2 floors!
 11158 | D:12     | Found a staircase to the Orcish Mines.
 11213 | D:12     | Noticed a two-headed ogre
 11223 | D:12     | Killed a two-headed ogre
 11463 | D:11     | Noticed a vault guard
 11476 | D:11     | Killed a vault guard
 11579 | D:11     | Noticed a two-headed ogre
 11585 | D:11     | Killed a two-headed ogre
 11586 | D:11     | Reached XP level 12. HP: 89/91 MP: 24/24
 11724 | D:11     | Found a portal to a secret trove of treasure.
 12259 | D:8      | Bought a potion of curing for 45 gold pieces
 12259 | D:8      | Bought a potion of curing for 45 gold pieces
 12259 | D:8      | Bought a potion of magic for 120 gold pieces
 12438 | D:10     | Reached **** piety under Sif Muna
 12950 | Lair:1   | Entered Level 1 of the Lair of Beasts
 13030 | Lair:1   | Noticed Nergalle
 13036 | Lair:1   | Killed Nergalle
 13125 | Lair:1   | Acquired the amulet of Divine Compulsion {Regen+ rCorr
                  | Str+2 Dex+2}
 13588 | Lair:1   | Noticed Harold
 13599 | Lair:1   | Killed Harold
 13992 | Lair:2   | Found a hole to the Spider Nest.
 14041 | Lair:2   | Found a staircase to the Swamp.
 14690 | Lair:2   | Noticed a seven-headed hydra
 14701 | Lair:2   | Killed a seven-headed hydra
 14787 | Lair:2   | Reached XP level 13. HP: 98/98 MP: 26/26
 14930 | Lair:2   | Identified the +5 ring mail of the Red Skies {+Inv Dex+2
                  | Slay+3}
 15766 | Lair:3   | Found a dark tunnel.
 15792 | Volcano  | Entered a volcano
 16210 | Lair:3   | Noticed Gastronok
 16221 | Lair:3   | Killed Gastronok
 16222 | Lair:3   | Reached skill level 10 in Spellcasting
 16444 | Lair:3   | Learned a level 4 spell: Flame Wave
 17820 | Lair:3   | Reached skill level 10 in Dodging
 18100 | Lair:3   | Reached ***** piety under Sif Muna
 18382 | Lair:4   | Noticed Rupert
 18406 | Lair:4   | Killed Rupert
 18409 | Lair:4   | Received a gift from Sif Muna
 18427 | Lair:4   | Got Sif Muna's Papyrus of Baleful Algor {god gift}
 18696 | Lair:4   | Reached skill level 10 in Stealth
 18861 | Lair:4   | Found a viscous altar of Jiyva.
 18861 | Lair:4   | Found a staircase to the Slime Pits.
 18886 | Lair:4   | Noticed Nessos
 18915 | Lair:4   | Killed Nessos
 19189 | Lair:4   | Reached XP level 14. HP: 108/108 MP: 28/28
 19236 | Lair:4   | Identified the +8 spear "Yceeb" {drain, rF+}
 19281 | Lair:4   | Reached skill level 10 in Invocations
 20124 | Lair:5   | Entered Level 5 of the Lair of Beasts
 20129 | Lair:5   | Learned a level 3 spell: Tukima's Dance
 20361 | D:3      | Bought a book of Lightning for 408 gold pieces
 20367 | D:3      | Learned a level 5 spell: Arcjolt
 20768 | Lair:5   | HP: 20/108 [fire crab] (10)]
 21294 | Lair:5   | Received a gift from Sif Muna
 21302 | Lair:5   | Learned a level 5 spell: Borgnjor's Vile Clutch
 22145 | Lair:5   | Noticed a dire elephant
 22146 | Lair:5   | Noticed a dire elephant
 22146 | Lair:5   | Noticed a dire elephant
 22361 | Orc:1    | Entered Level 1 of the Orcish Mines
 22624 | Orc:2    | Entered Level 2 of the Orcish Mines
 22624 | Orc:2    | Found a staircase to the Elven Halls.
 22948 | Orc:1    | You fall into a shaft and drop 1 floor!
 22953 | Orc:2    | Reached skill level 10 in Earth Magic
 22954 | Orc:2    | Received a gift from Sif Muna
 22967 | Orc:2    | Noticed an orc warlord
 22969 | Orc:2    | Reached skill level 10 in Fighting
 22969 | Orc:2    | Reached skill level 10 in Short Blades
 22969 | Orc:2    | Reached skill level 10 in Long Blades
 22969 | Orc:2    | Reached skill level 10 in Axes
 22969 | Orc:2    | Reached skill level 10 in Maces & Flails
 22969 | Orc:2    | Reached skill level 10 in Polearms
 22969 | Orc:2    | Reached skill level 10 in Staves
 22969 | Orc:2    | Reached skill level 10 in Ranged Weapons
 22969 | Orc:2    | Reached skill level 10 in Throwing
 22969 | Orc:2    | Reached skill level 10 in Armour
 22969 | Orc:2    | Reached skill level 10 in Shields
 22969 | Orc:2    | Reached skill level 10 in Unarmed Combat
 22969 | Orc:2    | Reached skill level 10 in Evocations
 22978 | Orc:2    | Reached XP level 15. HP: 115/115 MP: 30/30
 22983 | Orc:2    | Killed an orc warlord
 23124 | Orc:2    | Learned a level 5 spell: Freezing Cloud
 23131 | Orc:2    | Found Jithre Kopt's General Store.
 23148 | Orc:2    | Found Pikarasoda's Book Emporium.
 23177 | Orc:2    | Found Hukhybb's Antique Armour Emporium.
 23177 | Orc:2    | Found Gizaz's Antique Weapon Shoppe.
 23487 | Orc:2    | Found a runed translucent gate.
 23488 | Orc:2    | Found a runed translucent gate.
 23489 | Orc:2    | Found a runed translucent gate.
 23496 | Orc:2    | Found Nufiw's Jewellery Boutique.
 23509 | Orc:2    | Received a gift from Sif Muna
 23510 | Orc:2    | Got Sif Muna's Information on the Bewitching Jaunt {god
                  | gift}
 23622 | Orc:2    | Noticed Laveh's ghost (journeyman MiFi)
 23912 | Orc:1    | Noticed Josephine
 23923 | Orc:1    | Killed Josephine
 24298 | Orc:1    | Found a bloodstained altar of Trog.
 24909 | Orc:2    | Killed Laveh's ghost
 24976 | Orc:2    | Bought the ring of Weuqyoti {Fly rPois rF+ rCorr Slay-2}
                  | for 350 gold pieces
 24994 | Orc:2    | Bought the ring "Durijos" {Will+ MP+9} for 559 gold pieces
 25068 | Orc:2    | Bought a +0 pair of boots for 67 gold pieces
 25234 | D:11     | Found a stormy altar of Qazlal.
 25593 | D:12     | Identified the +7 falchion "Arofetyl" {antimagic, *Noise
                  | rF+ Str+5 Dex+3}
 25934 | D:12     | Found Xumegois's Antique Weapon Boutique.
 26609 | D:13     | Found a gate to the Vaults.
 26629 | D:13     | Received a gift from Sif Muna
 26633 | D:13     | Got Sif Muna's Volume of Breath and the Discharge {god
                  | gift}
 26994 | D:13     | Identified the +1 ring mail "Siaclyne" {rN+ SInv}
 27157 | D:13     | Found a runed translucent gate.
 27157 | D:13     | Found a runed translucent gate.
 27157 | D:13     | Found a runed translucent gate.
 27164 | D:13     | Noticed lonewolfV2's ghost (journeyman MiFi)
 27528 | D:9      | Learned a level 4 spell: Summon Lightning Spire
 27900 | D:14     | Found a white marble altar of Elyvilon.
 28213 | D:15     | Entered Level 15 of the Dungeon
 28667 | D:15     | Noticed a fire giant
 28679 | D:15     | Killed a fire giant
 29226 | D:15     | Found a staircase to the Depths.
 30046 | Lair:5   | Reached XP level 16. HP: 124/124 MP: 24/32
 30843 | Lair:5   | Got Kikubaaqudgh's Collected Works on Shadows
 31030 | Spider:1 | Entered Level 1 of the Spider Nest
 31039 | Lair:2   | HP: 23/125 [demonic crawler (16)]
 31048 | Lair:2   | HP: 10/125 [cloud of freezing vapour (16)]
 31049 | Lair:2   | HP: 3/125 [demonic crawler (18)]
 31049 | Lair:2   | Slain by a demonic crawler

Illustrated notes

Levels and vault maps discovered:
D:1:      dpeg_arrival_orchard, layout_loops_corners, st_stairs_4,
          dreamdust_wishing_well, kennysheep_minor_cross
D:2:      layout_rooms, serial_shops, shop, uniq_robin, uniq_natasha,
          uniq_jessica
D:3:      layout_loops_ring, mainiacjoe_overflow_surrounded_room, serial_shops,
          nicolae_diamond_shop, shop_fountains, nicolae_shop_behind_doors,
          portal_sewer_entry_b
D:4:      layout_cave_pools, serial_shops, shop, uniq_blork_the_orc, uniq_ijyb
D:5:      layout_gridville, minmay_misc_feat_x, minmay_ruined_shrine,
          uniq_prince_ribbit1, uniq_crazy_yiuf_cottage, uniq_edmund,
          uniq_sigmund
D:6:      layout_loops_ring, minmay_temple_entry_glassed_door, uniq_menkaure
D:7:      layout_loops_ring, uniq_joseph
D:8:      layout_loops_ring, mainiacjoe_overflow_six_doors_small,
          nicolae_ru_the_path_less_chosen, serial_shops, nicolae_take_the_stairs
D:9:      layout_cave_pods, ashenzari_altar_1, chei_slow_surprise,
          david_lair_shrubbed
D:10:     minmay_the_grid_octo_tiled_squarecenter
          [minmay_the_grid_octo_concentric, minmay_the_grid_octo_odd_swirl,
          minmay_the_grid_octo_toaster, minmay_the_grid_octo_shrine,
          minmay_the_grid_square_5x5_megaprize_hollow,
          minmay_the_grid_square_5x5_two_small, minmay_the_grid_square_5x5_n,
          minmay_the_grid_square_5x5_sharp_hourglass,
          minmay_the_grid_square_5x5_fancy_junction], layout_stronghold,
          billiards_dpeg
D:11:     layout_cave_pools, enter_trove_5, grunt_qazlal_sundering
D:12:     layout_long_grid, hiddenorc1_lemuel, serial_shops, shop
D:13:     layout_roguey, erik_vaults_2, maelrawn_ghost_gauntlet_escape,
          chequers_avenue, st_stairs_14
D:14:     layout_rooms, elyvilon_altar_4, serial_glass, glass_columns_a,
          glass_columns_b, due_unseen_surprise
D:15:     hangedman_depths_entry_try_elsewhere_first, layout_gridville,
          chequers_serial_rivers_large_b, grunt_potential
Temple:   hellmonk_temple_divided_pantheon
Lair:1:   layout_chaotic_city, uniq_nergalle, uniq_harold
Lair:2:   layout_layer_cave, swamp_mist_pool, dummy_spider_entry
Lair:3:   layout_layer_cave, nicolae_volcano_entry_s_turn, uniq_gastronok
Lair:4:   layout_regular_city, slime_entry_1, kennysheep_abandoned_house,
          grunt_megastairs_3, infiniplex_staircase_pool_2, uniq_rupert,
          uniq_nessos
Lair:5:   due_jungle_book, layout_regular_city, grunt_megastairs_1
Spider:1: layout_spider_delve, nicolae_spider_orb_run
Orc:1:    layout_caves, basic_altar, trog_butcher_becter, uniq_josephine
Orc:2:    st_orc_congregation, layout_caves, ebering_ghost_rock_garden,
          serial_shops, nicolae_shop_statue_plus, basic_altar

Skill      XL: |  1  2  3  4  5  6  7  8  9 10 11 12 13 14 15 16 |
---------------+-------------------------------------------------+-----
Transmutations | 2 3 4 5 6 7 8 9 |  9.6
Fighting       | 1 2 3 4 5 6 7 8 9 10 11 | 11.1
Short Blades   | 1 2 3 4 5 6 7 8 9 10 11 | 11.1
Long Blades    | 1 2 3 4 5 6 7 8 9 10 11 | 11.1
Axes           | 1 2 3 4 5 6 7 8 9 10 11 | 11.1
Maces & Flails | 1 2 3 4 5 6 7 8 9 10 11 | 11.1
Polearms       | 1 2 3 4 5 6 7 8 9 10 11 | 11.1
Staves         | 1 2 3 4 5 6 7 8 9 10 11 | 11.1
Ranged Weapons | 1 2 3 4 5 6 7 8 9 10 11 | 11.1
Throwing       | 1 2 3 4 5 6 7 8 9 10 11 | 11.1
Armour         | 1 2 3 4 5 6 7 8 9 10 11 | 11.1
Shields        | 1 2 3 4 5 6 7 8 9 10 11 | 11.1
Unarmed Combat | 1 2 3 4 5 6 7 8 9 10 11 | 11.1
Spellcasting   | 5 6 7 8 9 10 11 12 | 12.1
Invocations    | 1 2 3 4 5 6 7 8 9 11 12 | 12.1
Evocations     | 1 2 3 4 5 6 7 8 9 10 11 | 11.1
Conjurations   | 1 2 3 4 5 6 7 8 9 |  9.3
Hexes          | 1 2 3 4 5 6 7 8 9 |  9.3
Summonings     | 1 2 3 4 5 6 7 8 9 |  9.3
Necromancy     | 1 2 3 4 5 6 7 8 9 |  9.3
Translocations | 1 2 3 4 5 6 7 8 9 |  9.3
Fire Magic     | 1 2 3 4 5 6 7 8 9 |  9.3
Ice Magic      | 1 2 3 4 5 6 7 8 9 |  9.3
Air Magic      | 1 2 3 4 5 6 7 8 9 |  9.3
Poison Magic   | 1 2 3 4 5 6 7 8 9 |  9.3
Dodging        | 5 6 7 8 9 10 11 12 | 12.0
Stealth        | 5 6 7 8 9 10 11 | 11.9
Earth Magic    | 6 7 8 9 10 | 10.8

Action                     |  1- 3 |  4- 6 |  7- 9 | 10-12 | 13-15 | 16-18 || total
---------------------------+-------+-------+-------+-------+-------+-------++-------
  Melee: Unarmed           |     4 |       |       |       |       |       ||     4
         Staff             |     3 |     5 |       |    19 |       |       ||    27
         Bo                |       |     4 |    11 |    47 |    85 |     2 ||   149
         Punch             |       |       |     2 |     1 |       |       ||     3
         Bite              |       |       |     5 |    11 |    22 |       ||    38
         Dagger            |       |       |     3 |    22 |    29 |       ||    54
  Throw: Dart              |       |       |    21 |    34 |     9 |       ||    64
         Javelin           |       |       |       |     7 |    24 |     4 ||    35
         Boomerang         |       |       |       |       |     1 |       ||     1
   Cast: Sandblast         |    35 |    81 |   112 |   169 |    30 |       ||   427
         Stone Arrow       |       |     5 |    33 |   140 |   355 |    29 ||   562
         Petrify           |       |       |     1 |     9 |    27 |       ||    37
         Blink             |       |       |       |     1 |     4 |     3 ||     8
         Arcjolt           |       |       |       |       |    55 |     5 ||    60
         Freezing Cloud    |       |       |       |       |    24 |     8 ||    32
         Borgnjor's Vile C |       |       |       |       |     8 |     7 ||    15
         Summon Lightning  |       |       |       |       |     4 |     8 ||    12
 Invoke: Channel Magic     |       |       |       |       |     1 |       ||     1
  Evoke: Wand              |       |     4 |    14 |    13 |    50 |     9 ||    90
         Condenser vane    |       |       |       |     1 |     4 |       ||     5
         Phial of floods   |       |       |       |       |     1 |       ||     1
    Use: Scroll            |       |     5 |     7 |    11 |    12 |     1 ||    36
         Potion            |       |     2 |       |       |     5 |     2 ||     9
   Stab: Petrified         |       |       |     1 |    10 |    24 |       ||    35
         Petrifying        |       |       |     1 |     1 |     1 |       ||     3
         Sleeping          |       |       |       |    14 |     2 |       ||    16
         Distracted        |       |       |       |       |     1 |       ||     1
 Armour: Robe              |     2 |     9 |     8 |       |       |       ||    19
         Scale mail        |       |       |     5 |    10 |       |       ||    15
         Leather armour    |       |       |       |    50 |    73 |       ||   123
         Ring mail         |       |       |       |       |    35 |    19 ||    54
  Dodge: Dodged            |    11 |    65 |    48 |   112 |   203 |    32 ||   471
  Block: Buckler           |       |       |       |    38 |    99 |    20 ||   157

Table legend: (Time is in decaauts)
 A = Elapsed time spent in this place.
 B = Non-inter-level travel time spent in this place.
 C = Inter-level travel time spent in this place.
 D = Time resting spent in this place.
 E = Time spent auto-exploring this place.
 F = Levels seen in this place.
 G = Mean time per level.
                   A        B        C        D        E       F      G
               +--------+--------+--------+--------+--------+-----+--------+
         Total |  31243 |  27601 |   3642 |   5592 |  17113 |  26 | 1201.7 |
       Dungeon |  17539 |  15406 |   2133 |   2510 |  10417 |  15 | 1169.3 |
        Temple |     59 |     34 |     25 |      0 |     14 |   1 |   59.0 |
          Lair |   9838 |   8753 |   1085 |   2138 |   5049 |   5 | 1967.6 |
   Spider Nest |      7 |      7 |      0 |      0 |      0 |   1 |    7.0 |
  Orcish Mines |   2797 |   2398 |    399 |    613 |   1370 |   2 | 1398.5 |
         Sewer |    815 |    815 |      0 |    330 |    262 |   1 |  815.0 |
       Volcano |    184 |    184 |      0 |      0 |      0 |   1 |  184.0 |
               +--------+--------+--------+--------+--------+-----+--------+

Top non-repeatable levels by time:
  Lair:3: 2516 daAuts
  Lair:5: 2320 daAuts
  Lair:4: 2010 daAuts
     D:9: 1952 daAuts
  Lair:2: 1878 daAuts
    D:10: 1682 daAuts
    D:15: 1578 daAuts
   Orc:2: 1473 daAuts
     D:5: 1359 daAuts
    D:12: 1339 daAuts
   Orc:1: 1324 daAuts
     D:6: 1202 daAuts
     D:1: 1165 daAuts
  Lair:1: 1113 daAuts
     D:7: 1111 daAuts

Table legend:
 A = Kills in this place as a percentage of kills in the entire game.
 B = Kills by you in this place as a percentage of kills by you in the entire game.
 C = Kills by friends in this place as a percentage of kills by friends in the entire game.
 D = Other kills in this place as a percentage of other kills in the entire game.
 E = Experience gained in this place as a percentage of experience gained in the entire game.
 F = Experience gained in this place divided by the number of levels of this place that you have seen.
                   A       B       C       D       E      F
               +-------+-------+-------+-------+-------+----------------------
         Total | 100.0 | 100.0 | 100.0 | 100.0 | 100.0 | 5442.3
       Dungeon |  50.3 |  50.5 |  47.6 |  50.0 |  38.8 | 3656.3
          Lair |  23.0 |  23.3 |  16.7 |  25.0 |  45.3 | 12806.8
   Spider Nest |   0.4 |   0.4 |   0.0 |   0.0 |   0.8 | 1186.0
  Orcish Mines |  21.2 |  20.4 |  35.7 |  25.0 |  13.3 | 9402.0
         Sewer |   4.4 |   4.7 |   0.0 |   0.0 |   0.4 | 628.0
       Volcano |   0.6 |   0.7 |   0.0 |   0.0 |   1.4 | 2003.0
               +-------+-------+-------+-------+-------+----------------------

Levels and vault maps discovered:
D:1:      dpeg_arrival_orchard, layout_loops_corners, st_stairs_4,
          dreamdust_wishing_well, kennysheep_minor_cross
D:2:      layout_rooms, serial_shops, shop, uniq_robin, uniq_natasha,
          uniq_jessica
D:3:      layout_loops_ring, mainiacjoe_overflow_surrounded_room, serial_shops,
          nicolae_diamond_shop, shop_fountains, nicolae_shop_behind_doors,
          portal_sewer_entry_b
D:4:      layout_cave_pools, serial_shops, shop, uniq_blork_the_orc, uniq_ijyb
D:5:      layout_gridville, minmay_misc_feat_x, minmay_ruined_shrine,
          uniq_prince_ribbit1, uniq_crazy_yiuf_cottage, uniq_edmund,
          uniq_sigmund
D:6:      layout_loops_ring, minmay_temple_entry_glassed_door, uniq_menkaure
D:7:      layout_loops_ring, uniq_joseph
D:8:      layout_loops_ring, mainiacjoe_overflow_six_doors_small,
          nicolae_ru_the_path_less_chosen, serial_shops, nicolae_take_the_stairs
D:9:      layout_cave_pods, ashenzari_altar_1, chei_slow_surprise,
          david_lair_shrubbed
D:10:     minmay_the_grid_octo_tiled_squarecenter
          [minmay_the_grid_octo_concentric, minmay_the_grid_octo_odd_swirl,
          minmay_the_grid_octo_toaster, minmay_the_grid_octo_shrine,
          minmay_the_grid_square_5x5_megaprize_hollow,
          minmay_the_grid_square_5x5_two_small, minmay_the_grid_square_5x5_n,
          minmay_the_grid_square_5x5_sharp_hourglass,
          minmay_the_grid_square_5x5_fancy_junction], layout_stronghold,
          billiards_dpeg
D:11:     layout_cave_pools, enter_trove_5, grunt_qazlal_sundering
D:12:     layout_long_grid, hiddenorc1_lemuel, serial_shops, shop
D:13:     layout_roguey, erik_vaults_2, maelrawn_ghost_gauntlet_escape,
          chequers_avenue, st_stairs_14
D:14:     layout_rooms, elyvilon_altar_4, serial_glass, glass_columns_a,
          glass_columns_b, due_unseen_surprise
D:15:     hangedman_depths_entry_try_elsewhere_first, layout_gridville,
          chequers_serial_rivers_large_b, grunt_potential
Temple:   hellmonk_temple_divided_pantheon
Lair:1:   layout_chaotic_city, uniq_nergalle, uniq_harold
Lair:2:   layout_layer_cave, swamp_mist_pool, dummy_spider_entry
Lair:3:   layout_layer_cave, nicolae_volcano_entry_s_turn, uniq_gastronok
Lair:4:   layout_regular_city, slime_entry_1, kennysheep_abandoned_house,
          grunt_megastairs_3, infiniplex_staircase_pool_2, uniq_rupert,
          uniq_nessos
Lair:5:   due_jungle_book, layout_regular_city, grunt_megastairs_1
Spider:1: layout_spider_delve, nicolae_spider_orb_run
Orc:1:    layout_caves, basic_altar, trog_butcher_becter, uniq_josephine
Orc:2:    st_orc_congregation, layout_caves, ebering_ghost_rock_garden,
          serial_shops, nicolae_shop_statue_plus, basic_altar
